 Dungeon Crawl Stone Soup version 0.18-a0-1347-gb9e2fb4 (webtiles) character file.

152 WarriorsX the Covered (level 5, 36/41 HPs)
             Began as a Human Fighter on Feb 17, 2016.
             Starved to death
             ... on level 2 of the Dungeon.
             The game lasted 00:12:07 (2388 turns).

WarriorsX the Covered (Human Fighter)               Turns: 2388, Time: 00:12:08

Health: 36/41      AC: 14    Str: 17    XL:     5   Next: 60%
Magic:  5/5        EV:  4    Int:  8    God:
Gold:   110        SH:  9    Dex: 12    Spells: 0 memorised, 4 levels left

rFire  . . .     SeeInvis .     a - +0 long sword
rCold  . . .     Gourm    .     g - +0 chain mail
rNeg   . . .     Faith    .     c - +0 shield
rPois  .         Spirit   .     (helmet restricted)
rElec  .         Dismiss  .     (no cloak)
rCorr  .         Reflect  .     (no gloves)
SustAt +         Harm     .     (no boots)
MR     .....                    (no amulet)
Stlth  ..........               (no ring)
                                k - ring of sustain attributes

@: fainting, not resistant to hostile enchantments, extremely unstealthy
A: antennae 1, rough black scales 1, no device heal 1
a: no special abilities


You were on level 2 of the Dungeon.
You were fainting.

You visited 1 branch of the dungeon, and saw 3 of its levels.

You collected 110 gold pieces.

Inventory:

Hand Weapons
 a - a +0 long sword (weapon)
Armour
 b - a +0 scale mail
 c - a +0 shield (worn)
 g - a +0 chain mail (worn)
Jewellery
 k - a ring of sustain attributes (left hand)
Scrolls
 h - a scroll of immolation {unknown}
 j - a scroll of identify {unknown}
 l - 2 scrolls of magic mapping {unknown}
Potions
 d - 2 potions of might
 e - 2 potions of ambrosia
 m - a potion of beneficial mutation {unknown}
 o - a potion of cure mutation {unknown}
Comestibles
 f - a bread ration
 i - a meat ration


   Skills:
 - Level 3.0 Fighting
 - Level 2.0 Long Blades
 + Level 5.7 Armour
 - Level 0.7 Stealth
 - Level 3.0 Shields


You had 4 spell levels left.
You didn't know any spells.

Dungeon Overview and Level Annotations

Branches:
Dungeon (3/15)

Altars:


Innate Abilities, Weirdness & Mutations

You have a pair of small antennae on your head.
You are partially covered in rough black scales (AC +4, Dex -1).
Potions and wands are less effective at restoring your health.


Message History

You miss the hungry ghost.
The hungry ghost is moderately damaged.
You block the hungry ghost's attack.
Your shield prevents you from hitting the hungry ghost.
The hungry ghost is moderately damaged.
The hungry ghost hits you.
You feel slightly more hungry. The hungry ghost hits you.
You feel slightly more hungry.
You miss the hungry ghost.
The hungry ghost is moderately damaged.
The hungry ghost hits you.
You feel slightly more hungry.
You miss the hungry ghost.
The hungry ghost is moderately damaged.
The hungry ghost hits you.
You feel slightly more hungry.
You closely miss the hungry ghost.
The hungry ghost is moderately damaged.
You block the hungry ghost's attack. The hungry ghost hits you.
You closely miss the hungry ghost.
The hungry ghost is moderately damaged.
You have starved to death.
You die...

#..# #..##.#.######.
#..####..##........#.
#........####.##.#...
#.######## #.# .. #.#
#.# ## #.# #.# #.#
#.# #.###########.#
#.gW@.........#
###############


You could see a hungry ghost and a gnoll.

Vanquished Creatures
  Natasha (twice) (D:2)
  6 adders (D:2)
  An ooze (D:1)
  2 worms (D:2)
  3 bats (D:2)
  A giant cockroach (D:2)
  3 goblins (D:2)
  7 hobgoblins
  7 jackals (D:2)
  4 kobolds
  2 giant newts (D:1)
  7 rats
45 creatures vanquished.

Notes
Turn   | Place    | Note
--------------------------------------------------------------
     0 | D:1      | WarriorsX the Human Fighter began the quest for the Orb.
     0 | D:1      | Reached XP level 1. HP: 18/18 MP: 1/1
   418 | D:1      | Reached XP level 2. HP: 24/24 MP: 2/2
   509 | D:1      | Gained mutation: You are partially covered in rough black scales (AC +4, Dex -1). [potion of mutation]
   509 | D:1      | Gained mutation: You have a pair of small antennae on your head. [potion of mutation]
   509 | D:1      | Gained mutation: Potions and wands are less effective at restoring your health. [potion of mutation]
   975 | D:2      | Reached skill level 4 in Armour
   975 | D:2      | Reached XP level 3. HP: 19/29 MP: 3/3
  1247 | D:2      | Reached XP level 4. HP: 18/35 MP: 4/4
  1585 | D:2      | Noticed Natasha
  1599 | D:2      | Killed Natasha
  1599 | D:2      | Reached skill level 5 in Armour
  1931 | D:2      | Reached XP level 5. HP: 36/41 MP: 5/5
  2110 | D:2      | Noticed Natasha
  2133 | D:2      | Killed Natasha
  2349 | D:3      | Noticed a hungry ghost
  2388 | D:2      | Starved to death

Vault maps used:
D:1:      dpeg_arrival_radiant
D:2:      uniq_natasha
D:3:      old_standard_altar, first_bread, minmay_three_crescents

Action                   |  1- 3 |  4- 6 || total
-------------------------+-------+-------++-------
Melee: Long sword        |    84 |   151 ||   235
  Use: Potion            |     2 |       ||     2
  Eat: Chunk             |     1 |     4 ||     5
